 Dungeon Crawl Stone Soup version 0.21.0-3-g78d12a8 (webtiles) character file.

571 ninurtach the Protected (level 7, -16/52 HPs)
             Began as a Gnoll Wanderer on Jan 12, 2018.
             Blown up by an eye of devastation (23 damage)
             ... with a bolt of energy
             ... on level 5 of the Dungeon.
             The game lasted 00:13:04 (5446 turns).

ninurtach the Protected (Gnoll Wanderer)            Turns: 5446, Time: 00:13:05

Health: -16/52     AC: 18    Str: 11      XL:     7   Next: 34%
Magic:  10/10      EV:  6    Int: 19      God:    Xom [....*.]
Gold:   124        SH:  0    Dex: 11 (13) Spells: 10/10 levels left

rFire    + . .     SeeInvis .   x - +5 trident "Xocion" {flame, rN+}
rCold    . . .     Gourm    .   (no shield)
rNeg     + . .     Faith    .   w - +0 chain mail (curse)
rPois    .         Spirit   .   s - +0 helmet
rElec    .         Reflect  .   r - +2 cloak
rCorr    .         Harm     .   (no gloves)
MR       .....     Clarity  +   (no boots)
Stlth    ..........             (no amulet)
HPRegen  0.17/turn              q - ring of protection from fire
MPRegen  0.12/turn              (no ring)

@: no status effects
A: distributed training, claws 1, fangs 1, slimy green scales 1, blurry vision
1, clarity, deterioration 1, weak 1, strong nose
a: Renounce Religion


You were on level 5 of the Dungeon.
You worshipped Xom.
You were a beloved toy of Xom.
You were not hungry.

You visited 1 branch of the dungeon, and saw 5 of its levels.

You collected 124 gold pieces.

Inventory:

Hand Weapons
 a - a +2 hand crossbow
 v - a +0 whip of freezing
 x - the +5 trident "Xocion" (weapon) {flame, rN+}
   (You found it on level 4 of the Dungeon)

   It has been specially enchanted to burn those struck by it, causing extra
   injury to most foes and up to half again as much damage against particularly
   susceptible opponents.
   It protects you from negative energy.
 y - the +9 mace of Fear {crush, MR+}
   (You found it on level 4 of the Dungeon)

   It inflicts extra damage upon your enemies.
   It affects your resistance to hostile enchantments.
Missiles
 b - 44 bolts
Armour
 r - a +2 cloak (worn)
 s - a +0 helmet (worn)
 w - a cursed +0 chain mail (worn)
Jewellery
 q - a ring of protection from fire (left claw)
Wands
 A - a wand of enslavement (18)
Scrolls
 g - 2 scrolls of enchant weapon {unknown}
 i - 2 scrolls of remove curse {unknown}
 k - 2 scrolls of noise {unknown}
 l - 4 scrolls of teleportation {unknown}
 m - 2 scrolls of amnesia {unknown}
 p - 3 scrolls of fear {unknown}
 t - a scroll of blinking {unknown}
 u - a scroll of magic mapping {unknown}
Potions
 c - a potion of haste
 d - a potion of heal wounds {unknown}
 e - 2 potions of cancellation
 h - 5 potions of curing
 j - a potion of invisibility {unknown}
 n - 4 potions of flight
 o - 3 potions of agility {unknown}
 B - a potion of mutation {unknown}
Comestibles
 f - a ration
 z - 2 chunks of flesh


   Skills:
 + Level 3.5 Fighting
 + Level 2.3 Short Blades
 + Level 2.3 Long Blades
 + Level 2.3 Axes
 + Level 2.3 Maces & Flails
 + Level 2.3 Polearms
 + Level 2.3 Staves
 + Level 2.3 Slings
 + Level 2.3 Bows
 + Level 5.2 Crossbows
 + Level 3.5 Throwing
 + Level 10.6 Armour
 + Level 2.3 Dodging
 + Level 2.3 Stealth
 + Level 2.3 Shields
 + Level 2.3 Unarmed Combat
 + Level 2.3 Spellcasting
 + Level 1.9 Conjurations
 + Level 1.9 Hexes
 + Level 1.9 Charms
 + Level 1.9 Summonings
 + Level 1.9 Necromancy
 + Level 1.9 Translocations
 + Level 1.9 Transmutations
 + Level 1.9 Fire Magic
 + Level 1.9 Ice Magic
 + Level 1.9 Air Magic
 + Level 1.9 Earth Magic
 + Level 1.9 Poison Magic
 + Level 2.6 Invocations
 + Level 3.5 Evocations


You had 10 spell levels left.
You didn't know any spells.

Dungeon Overview and Level Annotations

Branches:
Dungeon (5/15)
 Temple: D:4-7

Altars:
Ashenzari
Xom
The Shining One


Innate Abilities, Weirdness & Mutations

Your experience applies equally to all skills.
You have very sharp teeth.
Your uncanny sense of smell can sniff out nearby items.
You have sharp fingernails.
You are partially covered in slimy green scales. (AC +2)
Scrolls take you a little longer to read.
You possess an exceptional clarity of mind.
Your body sometimes deteriorates upon taking damage.
You are weak. (Str -2)


Message History

Spoiler Alert: The two-headed ogre (confused) can hit for high damage in melee!
Spoiler Alert: The two-headed ogre (confused) can hit for high damage in melee!
The two-headed ogre seems less confused.
There is an open door here.
Spoiler Alert: The two-headed ogre can hit for high damage in melee!
Spoiler Alert: The two-headed ogre can hit for high damage in melee!
Spoiler Alert: The two-headed ogre can hit for high damage in melee!
Spoiler Alert: The two-headed ogre can hit for high damage in melee!
Spoiler Alert: The two-headed ogre can hit for high damage in melee!
Spoiler Alert: The two-headed ogre can hit for high damage in melee!
Spoiler Alert: The two-headed ogre can hit for high damage in melee!
Spoiler Alert: The two-headed ogre can hit for high damage in melee!
Spoiler Alert: The two-headed ogre can hit for high damage in melee!
Spoiler Alert: The two-headed ogre can hit for high damage in melee!
Xom's power touches on a nearby monster.
The two-headed ogre evaporates and reforms as an eye of devastation!
The eye of devastation gazes at you. The bolt of energy hits you!
You die...
Xom cackles wildly!

# ##### ###.###.#.#
#.........#
#..)...<#.#
#########.# .
.........# .
######@.# . #..# .
####### #.[# .
#.....# #G.#
.###>....#######..#
.........'.......>#
#.##.....##.####.##
..######.........#
...# #.........#


You could see an eye of devastation.

Vanquished Creatures
  The ghost of dscm the Ducker, an amateur OpFi (D:4)
  A phantom (D:4)
  The ghost of Nanban the Magician, a weakling OpWz (D:3)
  A hound (D:4)
  Crazy Yiuf (D:4)
  An iguana (D:5)
  A worker ant (D:1)
  An orc wizard (D:4)
  3 gnolls (D:2)
  5 adders
  An adder skeleton (D:5)
  2 worms
  3 dart slugs (D:1)
  5 leopard geckos
  5 orcs
  4 giant cockroaches
  7 goblins
  11 hobgoblins
  4 bats
  6 frilled lizards
  10 kobolds
  13 rats
87 creatures vanquished.

Vanquished Creatures (collateral kills)
  A worker ant (D:5)
  An adder (D:5)
2 creatures vanquished.

Vanquished Creatures (others)
  A fire vortex (D:3)
1 creature vanquished.

Grand Total: 90 creatures vanquished

Notes
Turn   | Place    | Note
-------+----------+-------------------------------------------
     0 | D:1      | Reached skill level 10 in Armour
     0 | D:1      | ninurtach the Gnoll Wanderer began the quest for the Orb.
     0 | D:1      | ninurtach set off with: a +2 hand crossbow, 23 bolts, a +0 hand axe, a +0 ring mail, a ration
     0 | D:1      | Reached XP level 1. HP: 17/17 MP: 2/2
   131 | D:1      | Reached XP level 2. HP: 22/23 MP: 3/3
   732 | D:1      | Reached XP level 3. HP: 28/28 MP: 4/4
  1144 | D:2      | Found a faded altar of an unknown god.
  1170 | D:1      | Reached skill level 1 in Invocations
  1540 | D:1      | Reached skill level 1 in Short Blades
  1540 | D:1      | Reached skill level 1 in Long Blades
  1540 | D:1      | Reached skill level 1 in Axes
  1540 | D:1      | Reached skill level 1 in Maces & Flails
  1540 | D:1      | Reached skill level 1 in Polearms
  1540 | D:1      | Reached skill level 1 in Staves
  1540 | D:1      | Reached skill level 1 in Slings
  1540 | D:1      | Reached skill level 1 in Bows
  1540 | D:1      | Reached skill level 1 in Dodging
  1540 | D:1      | Reached skill level 1 in Stealth
  1540 | D:1      | Reached skill level 1 in Shields
  1540 | D:1      | Reached skill level 1 in Unarmed Combat
  1540 | D:1      | Reached skill level 1 in Spellcasting
  1540 | D:1      | Reached XP level 4. HP: 15/34 MP: 4/6
  1797 | D:2      | Became a worshipper of Xom of Chaos
  1924 | D:2      | Reached skill level 1 in Conjurations
  1924 | D:2      | Reached skill level 1 in Hexes
  1924 | D:2      | Reached skill level 1 in Charms
  1924 | D:2      | Reached skill level 1 in Summonings
  1924 | D:2      | Reached skill level 1 in Necromancy
  1924 | D:2      | Reached skill level 1 in Translocations
  1924 | D:2      | Reached skill level 1 in Transmutations
  1924 | D:2      | Reached skill level 1 in Fire Magic
  1924 | D:2      | Reached skill level 1 in Ice Magic
  1924 | D:2      | Reached skill level 1 in Air Magic
  1924 | D:2      | Reached skill level 1 in Earth Magic
  1924 | D:2      | Reached skill level 1 in Poison Magic
  1959 | D:2      | Reached XP level 5. HP: 33/40 MP: 7/7
  2087 | D:2      | XOM: harmless Air miscast
  2156 | D:2      | XOM: divination: detect items
  2268 | D:2      | XOM: cloud trail
  2446 | D:2      | XOM: give mutations
  2446 | D:2      | Gained mutation: You have sharp fingernails. [Xom's grace]
  2446 | D:2      | Gained mutation: You possess an exceptional clarity of mind. [Xom's grace]
  2446 | D:2      | Gained mutation: You have supernaturally acute eyesight. (SInv) [Xom's grace]
  2446 | D:2      | Gained mutation: You are partially covered in slimy green scales. (AC +2) [Xom's grace]
  2560 | D:3      | Found a shattered altar of Ashenzari.
  2575 | D:3      | Noticed Nanban's ghost (weakling OpWz)
  2592 | D:3      | Killed Nanban's ghost
  3022 | D:3      | XOM: medium Chrm miscast
  3139 | D:3      | Found a glowing golden altar of the Shining One.
  3624 | D:3      | XOM: mild Fire miscast
  3783 | D:4      | Reached XP level 6. HP: 40/47 MP: 8/8
  3884 | D:4      | XOM: summons 3 hostile demons
  3885 | D:4      | Noticed a red devil
  3885 | D:4      | Noticed a smoke demon
  4054 | D:4      | XOM: give mutations
  4054 | D:4      | Gained mutation: You are weak. (Str -2) [Xom's mischief]
  4174 | D:4      | XOM: 1-stop teleportation journey
  4203 | D:4      | Noticed dscm's ghost (amateur OpFi)
  4213 | D:4      | Killed dscm's ghost
  4213 | D:4      | Reached skill level 5 in Crossbows
  4811 | D:4      | XOM: give mutations
  4811 | D:4      | Lost mutation: You have supernaturally acute eyesight. (SInv) [Xom's mischief]
  4811 | D:4      | Gained mutation: Scrolls take you a little longer to read. [Xom's mischief]
  4811 | D:4      | Gained mutation: You are frail. (-10% HP) [Xom's mischief]
  4811 | D:4      | Lost mutation: You are frail. (-10% HP) [Xom's mischief]
  4811 | D:4      | Gained mutation: Your body sometimes deteriorates upon taking damage. [Xom's mischief]
  4876 | D:4      | Got a pitted trident
  4877 | D:4      | Identified the +5 trident "Xocion" {flame, rN+} (You found it on level 4 of the Dungeon)
  4909 | D:4      | Noticed a phantom
  4914 | D:4      | XOM: swap monsters
  4925 | D:4      | Killed a phantom
  4925 | D:4      | Reached XP level 7. HP: 35/52 MP: 10/10
  5222 | D:4      | XOM: silly message
  5240 | D:4      | Found a runed door.
  5244 | D:4      | Noticed Crazy Yiuf
  5252 | D:4      | Killed Crazy Yiuf
  5265 | D:4      | Got a scorched mace
  5267 | D:4      | Identified the +9 mace of Fear {crush, MR+} (You found it on level 4 of the Dungeon)
  5314 | D:5      | XOM: stealth player
  5314 | D:5      | Entered Level 5 of the Dungeon
  5402 | D:5      | Noticed a two-headed ogre
  5404 | D:5      | XOM: enchant monster (good)
  5423 | D:5      | XOM: enchant monster (bad)
  5428 | D:5      | XOM: smoke on damage
  5431 | D:5      | XOM: cast spell 'Alistair's Intoxication'
  5433 | D:5      | XOM: scenery: 1 doors open
  5445 | D:5      | Noticed an eye of devastation
  5445 | D:5      | a two-headed ogre changed into an eye of devastation
  5445 | D:5      | XOM: polymorph two-headed ogre -> eye of devastation
  5446 | D:5      | Blown up by an eye of devastation

Skill      XL: |  1  2  3  4  5  6 |
---------------+-------------------+-----
Armour         | | 10.6
Invocations    | 1 2 |  2.6
Short Blades   | 1 2 |  2.3
Long Blades    | 1 2 |  2.3
Axes           | 1 2 |  2.3
Maces & Flails | 1 2 |  2.3
Polearms       | 1 2 |  2.3
Staves         | 1 2 |  2.3
Slings         | 1 2 |  2.3
Bows           | 1 2 |  2.3
Dodging        | 1 2 |  2.3
Stealth        | 1 2 |  2.3
Shields        | 1 2 |  2.3
Unarmed Combat | 1 2 |  2.3
Spellcasting   | 1 2 |  2.3
Conjurations   | 1 |  1.9
Hexes          | 1 |  1.9
Charms         | 1 |  1.9
Summonings     | 1 |  1.9
Necromancy     | 1 |  1.9
Translocations | 1 |  1.9
Transmutations | 1 |  1.9
Fire Magic     | 1 |  1.9
Ice Magic      | 1 |  1.9
Air Magic      | 1 |  1.9
Earth Magic    | 1 |  1.9
Poison Magic   | 1 |  1.9
Fighting       | 3 |  3.5
Throwing       | 3 |  3.5
Evocations     | 3 |  3.5
Crossbows      | 5 |  5.2

Action                   |  1- 3 |  4- 6 |  7- 9 || total
-------------------------+-------+-------+-------++-------
Melee: Hand axe          |    38 |     8 |       ||    46
       Bite              |     2 |    16 |     2 ||    20
       Dagger            |       |    65 |       ||    65
       Whip              |       |   105 |       ||   105
       Trident           |       |    10 |    16 ||    26
 Fire: Hand crossbow     |    47 |    60 |       ||   107
Evoke: Wand              |       |       |     2 ||     2
  Use: Scroll            |     2 |     2 |       ||     4
       Potion            |     1 |       |       ||     1
 Stab: Sleeping          |       |     1 |       ||     1
       Paralysed         |       |       |     1 ||     1
  Eat: Chunk             |     1 |     8 |     2 ||    11
       Ration            |       |     1 |       ||     1
Armor: Ring mail         |    23 |    45 |       ||    68
       Chain mail        |       |    77 |     7 ||    84
Dodge: Dodged            |    44 |    95 |     4 ||   143
